 Dungeon Sprint DCSS version 0.21.1-1-g345015fe64 (webtiles) character file.

164021 Groucho the End of an Era (level 18, -11/142 HPs)
             Began as a Halfling Fighter on Feb 27, 2018.
             Was the Champion of Qazlal.
             Killed from afar by a Hell Sentinel (44 damage)
             ... with damnation
             ... in the Dungeon (Sprint V: "Ziggurat Sprint") on Mar 28, 2018.
             The game lasted 00:25:11 (4973 turns).

Groucho the End of an Era (Halfling Fighter)        Turns: 4973, Time: 00:25:12

Health: -11/142    AC: 42    Str: 27    XL:     18   Next: 47%
Magic:  33/44      EV: 18    Int: 12    God:    Qazlal [******]
Gold:   0          SH: 46    Dex: 20    Spells: 17/17 levels left

rFire    + . .     SeeInvis +   l - +9 fustibalus (chaos)
rCold    . . .     Gourm    .   b - +18 shield of the Gong {rElec rN+ MR+ EV-5}
rNeg     + + +     Faith    .   a - +15 Maxwell's patent armour {-Cast -Tele rElec MR+ rCorr}
rPois    +         Spirit   .   K - +1 helmet {SInv}
rElec    +         Reflect  .   (no cloak)
rCorr    +         Harm     .   T - +0 pair of gloves {archery}
MR       ++++.     NoTele   +   (no boots) Stlth ..........NoCast +
                                Q - macabre finger necklace {rN+}
HPRegen  0.33/turn              D - +6 ring of strength
MPRegen  0.29/turn              N - ring "Vivyej" {rPois rF+ rN+ Int+3 SInv}
                                O - ring of the Good {MR+ MP+9 Int+3 Dex+2 Stlth+}

@: repel missiles
A: small, mutation resistance 1
a: Upheaval, Elemental Force, Disaster Area, Renounce Religion


You were in the Dungeon.
You worshipped Qazlal.
Qazlal was exalted by your worship.
You were very hungry.

You visited 1 branch

Inventory:

Hand Weapons
 c - the +6 shillelagh "Devastator" {shatter}
   (You found it in the Dungeon)
 l - a +9 fustibalus of chaos (weapon)
Missiles
 m - 1016 sling bullets (quivered)
Armour
 a - the +15 Maxwell's patent armour (worn) {-Cast -Tele rElec MR+ rCorr}
   (You found it in the Dungeon)

   It insulates you from electricity.
   It affects your resistance to hostile enchantments.
   It prevents spellcasting.
   It prevents most forms of teleportation.
   It protects you from acid and corrosion.
 b - the +18 shield of the Gong (worn) {rElec rN+ MR+ EV-5}
   (You found it in the Dungeon)

   It affects your evasion (-5).
   It insulates you from electricity.
   It protects you from negative energy.
   It affects your resistance to hostile enchantments.
 n - +5 gold dragon scales
 K - a +1 helmet of see invisible (worn)
 T - a +0 pair of gloves of archery (worn)
Jewellery
 z - the ring "Dycwiublu" {Wiz rElec rN+ Str-4}
   (You took it off a skeletal warrior in the Dungeon)

   [ring of wizardry]

   It improves your spell success rate.
   It affects your strength (-4).
   It insulates you from electricity.
   It protects you from negative energy.
 A - the ring of Neurosis {EV+6 Int-3 Dex+5 Slay+2}
   (You took it off a necromancer in the Dungeon)

   [ring of evasion]

   It affects your evasion (+6).
   It affects your intelligence (-3).
   It affects your dexterity (+5).
   It affects your accuracy and damage with ranged weapons and melee attacks
   (+2).
 B - the amulet of Xijupp {RegenMP rF+ Dex+8}
   (You found it in the Dungeon)

   [amulet of magic regeneration]

   It increases your magic regeneration.
   It affects your dexterity (+8).
   It protects you from fire.
 C - the ring "Vaatecve" {rC+ Str+4 Int+4 Dex-4}
   (You found it in the Dungeon)

   [ring of strength]

   It affects your strength (+4).
   It affects your intelligence (+4).
   It affects your dexterity (-4).
   It protects you from cold.
 D - a +6 ring of strength (left hand)
 J - the ring of Naagaa {Fire +Inv rN+ Slay+3 Stlth-}
   (You found it in the Dungeon)

   [ring of fire]

   It enhances your fire magic.
   It affects your accuracy and damage with ranged weapons and melee attacks
   (+3).
   It protects you from fire.
   It makes you vulnerable to cold.
   It protects you from negative energy.
   It lets you turn invisible.
   It makes you less stealthy.
 L - the amulet of Ricais {Spirit rElec rC+ rN+}
   (You found it in the Dungeon)

   [amulet of guardian spirit]

   It causes incoming damage to be split between your health and magic.
   It protects you from cold.
   It insulates you from electricity.
   It protects you from negative energy.
 M - an uncursed ring of protection from cold
 N - the ring "Vivyej" (right hand) {rPois rF+ rN+ Int+3 SInv}
   (You found it in the Dungeon)

   [ring of see invisible]

   It affects your intelligence (+3).
   It protects you from fire.
   It protects you from poison.
   It protects you from negative energy.
   It lets you see invisible.
 O - the ring of the Good (on amulet) {MR+ MP+9 Int+3 Dex+2 Stlth+}
   (You found it in the Dungeon)

   [ring of intelligence]

   It affects your intelligence (+3).
   It affects your dexterity (+2).
   It affects your resistance to hostile enchantments.
   It affects your magic capacity (+9).
   It makes you more stealthy.
 P - the ring of Olisatoe {Str+2 Dex+8 SInv}
   (You found it in the Dungeon)

   [ring of see invisible]

   It affects your strength (+2).
   It affects your dexterity (+8).
   It lets you see invisible.
 Q - the macabre finger necklace (around neck) {rN+}
   (You took it off a wight in the Dungeon)

   [amulet of nothing]

   It protects you from negative energy.
 R - the ring "Zomoitecs" {rPois rF+ Int+6 Slay-2}
   (You took it off a skeletal warrior in the Dungeon)

   [ring of poison resistance]

   It affects your intelligence (+6).
   It affects your accuracy and damage with ranged weapons and melee attacks
   (-2).
   It protects you from fire.
   It protects you from poison.
 S - the ring "Ynuregg" {MR+ Str+2}
   (You found it in the Dungeon)

   [ring of protection from magic]

   It affects your strength (+2).
   It affects your resistance to hostile enchantments.
 U - the ring "Isusch" {rPois rF+ Str+3 Int-2}
   (You found it in the Dungeon)

   [ring of protection from fire]

   It affects your strength (+3).
   It affects your intelligence (-2).
   It protects you from fire.
   It protects you from poison.
 V - the ring of the Townfolk {rC+ rN+ Dex+4}
   (You took it off an iron imp in the Dungeon)

   [ring of protection from cold]

   It affects your dexterity (+4).
   It protects you from cold.
   It protects you from negative energy.
 W - a +6 ring of dexterity
 X - an uncursed ring of protection from magic
 Y - the amulet "Qexuton" {Inacc rElec rPois Int+2 Dex-2}
   (You found it in the Dungeon)

   [amulet of inaccuracy]

   It reduces the accuracy of all your attacks.
   It affects your intelligence (+2).
   It affects your dexterity (-2).
   It insulates you from electricity.
   It protects you from poison.
 Z - the ring "Cyagg" {rCorr *Drain *Slow MR+++ MP+9}
   (You found it in the Dungeon)

   [ring of resist corrosion]

   It affects your resistance to hostile enchantments.
   It affects your magic capacity (+9).
   It causes draining when unequipped.
   It may slow you when you take damage.
Wands
 F - a wand of disintegration (7)
 G - a wand of iceblast (7)
 H - a wand of acid (7)
Scrolls
 k - 4 scrolls of blinking
 t - 4 scrolls of amnesia
 u - 7 scrolls of fog
 v - a scroll of holy word
 w - 5 scrolls of identify
 x - 5 scrolls of remove curse
 y - 2 scrolls of fear
 E - 2 scrolls of brand weapon
Potions
 d - 6 potions of might
 e - 9 potions of curing
 g - 9 potions of heal wounds
 h - 9 potions of haste
 i - 7 potions of magic
 j - 3 potions of berserk rage
 o - 2 potions of brilliance
 p - 2 potions of invisibility
 q - 3 potions of resistance
 r - a potion of experience
 s - 7 potions of agility
Miscellaneous
 I - a fan of gales
Comestibles
 f - 5 rations


   Skills:
 * Level 18.5 Fighting
 - Level 1.7 Maces & Flails
 O Level 27 Slings
 * Level 26.0 Armour
 + Level 15.7 Dodging
 * Level 26.1 Shields
 O Level 27 Invocations


You had 17 spell levels left.
You didn't know any spells.

Dungeon Overview and Level Annotations

Branches:
Dungeon (1/1)

Altars:
Ashenzari
Cheibriados
Dithmenos
Elyvilon
Fedhas
Gozag
Hepliaklqana
Kikubaaqudgha
Makhleb
Nemelex Xobeh
Okawaru
Qazlal
Ru
Sif Muna
Trog
Uskayaw
Vehumet
Wu Jian
Xom
Yredelemnul
Zin
The Shining One
Beogh
Jiyva
Lugonu


Innate Abilities, Weirdness & Mutations

You are small and have problems with some larger weapons.
You are somewhat resistant to further mutation.


Message History

You feel a bit more experienced. Qazlal accepts your kill.
Your Armour skill increases to level 26!
Your Shields skill increases to level 26!
You feel a bit more experienced.
The blast of magma engulfs the reaper.
The reaper is severely wounded.
The blast of magma engulfs the reaper.
You kill the reaper!
Qazlal accepts your kill.
Unknown command.
Unknown command.
Aiming: Upheaval
Press: ? - help, Dir - move target cursor, f - reaper
Aim: a reaper, wielding a scythe of protection (thunder, heavily wounded, encased in ice)
The ground shakes violently, spewing rubble!
The blast of rubble hits the reaper.
The reaper is severely wounded.
The Hell Sentinel gestures at you.
The sphere of damnation explodes!
The damnation engulfs you!
You die...

.......▓
))}[|).▓
[[=)≈≈≈§:§§§Z=1
|))=)..▓
.§.§Z≈§≈§.§.≈≈≈.
[|...=.▓
..2§§≈§.).)§≈§§.
....[..▓
§.≈.§≈≈.)§§.§§§.
.......▓
.§§≈§§≈≈.§≈.§§..
.......▓
...≈.≈....§.§≈..
.......▓
...≈≈≈§§§§..≈≈..
.......▓
.......@§.≈..≈..
.......▓
..≈≈.§§§........
.......▓
.....§§.........
.......▓
..........≈.....
.......▓
..≈....≈≈.≈≈≈...
..▓....▓
..≈▓≈...≈≈.≈≈▓..
.......▓
...≈.≈.≈.≈≈≈.≈..
.......▓
...≈≈≈.....≈≈...
.......▓
...............


You could see a Hell Sentinel, a reaper, a bat zombie (wandering) and an adder
zombie.

Vanquished Creatures
  An ancient lich (D)
  A greater mummy (D)
  An iron giant (D)
  2 liches (D)
  A Hell Sentinel (D)
  2 deep elf blademasters (D)
  8 acid blobs (D)
  2 deep elf master archers (D)
  A draconian monk (D)
  A death cob (D)
  9 azure jellies (D)
  6 deep elf sorcerers (D)
  A frost giant (D)
  A deep elf elementalist (D)
  2 ghouls (D)
  7 reapers (D)
  2 vampire knights (D)
  A deep elf demonologist (D)
  A black draconian (D)
  A purple draconian (D)
  2 white draconians (D)
  2 yellow draconians (D)
  A deep elf annihilator (D)
  3 red draconians (D)
  3 merfolk javelineers (D)
  6 merfolk impalers (D)
  2 blizzard demons (D)
  8 death oozes (D)
  3 deep elf high priests (D)
  2 mummy priests (D)
  4 hydras (D)
  3 merfolk aquamancers (D)
  A merfolk avatar (D)
  3 satyrs (D)
  4 dancing weapons (D)
  2 deep elf knights (D)
  5 skeletal warriors (D)
  3 sea snakes (D)
  2 glowing orange brains (D)
  9 deep elf archers (D)
  10 deep elf magi (D)
  2 harpies (D)
  3 necromancers (D)
  A shining eye (D)
  3 manticores (D)
  A worldbinder (D)
  2 moths of wrath (D)
  A black mamba (D)
  12 rust devils (D)
  2 water nymphs (D)
  6 spiny frogs (D)
  A torpor snail (D)
  A hellion (D)
  3 rime drakes (D)
  3 yaktaurs (D)
  An efreet (D)
  2 freezing wraiths (D)
  A guardian mummy (D)
  3 komodo dragons (D)
  2 red devils (D)
  9 tormentors (D)
  5 ice devils (D)
  A jumping spider (D)
  A polar bear (D)
  6 merfolk (D)
  2 wind drakes (D)
  35 slime creatures (D)
  A blink frog (D)
  4 hippogriffs (D)
  2 dream sheep (D)
  4 air elementals (D)
  A ynoxinul (D)
  6 shadows (D)
  2 vampires (D)
  5 flying skulls (D)
  2 wraiths (D)
  2 ushabtiu (D)
  A wyvern (D)
  6 water elementals (D)
  A yak (D)
  6 golden eyes (D)
  2 fire elementals (D)
  4 water moccasins (D)
  3 floating eyes (D)
  4 large abominations (D)
  4 necrophages (D)
  An ice beast (D)
  3 eyes of draining (D)
  4 centaurs (D)
  7 crocodiles (D)
  4 bullfrogs (D)
  4 scorpions (D)
  7 wights (D)
  3 small abominations (D)
  3 orc priests (D)
  8 jellies (D)
  2 orc wizards (D)
  9 iron imps (D)
  12 mummies (D)
  A shadow imp (D)
  A white imp (D)
  An ooze (D)
  9 adder zombies (D)
  5 adder skeletons (D)
  2 adder simulacra (D)
  2 orcs (D)
  3 bat skeletons (D)
  2 bat zombies (D)
  A ball python skeleton (D)
  A ball python zombie (D)
  A bat simulacrum (D)
  A jackal zombie (D)
  A leopard gecko skeleton (D)
  4 leopard gecko zombies (D)
  4 crawling corpses (D)
404 creatures vanquished.

Vanquished Creatures (others)
  A wind drake (D)
  A bat zombie (D)
  A crawling corpse (D)
3 creatures vanquished.

Grand Total: 407 creatures vanquished

Notes
Turn   | Place    | Note
-------+----------+-------------------------------------------
     0 | D        | Found the +6 Majin-Bo {vamp, Archmagi MP+6 Int+6}
     0 | D        | Found the +7 great mace "Firestarter" {inner flame, rF++}
     0 | D        | Groucho the Halfling Fighter began the quest for the Orb.
     0 | D        | Reached XP level 1. HP: 15/15 MP: 1/1
    13 | D        | Found a blossoming altar of Fedhas.
    14 | D        | Found a transporter.
    14 | D        | Found a viscous altar of Jiyva.
    14 | D        | Found an ancient bone altar of Kikubaaqudgha.
    14 | D        | Found a hazy altar of Hepliaklqana.
    14 | D        | Found a corrupted altar of Lugonu.
    14 | D        | Found an opulent altar of Gozag.
    14 | D        | Found a burning altar of Makhleb.
    19 | D        | Found an iron altar of Okawaru.
    19 | D        | Found a stormy altar of Qazlal.
    19 | D        | Found a sparkling altar of Nemelex Xobeh.
    19 | D        | Found a sacrificial altar of Ru.
    19 | D        | Found a deep blue altar of Sif Muna.
    24 | D        | Found the +9 heavy crossbow "Sniper" {velocity, Acc+∞ SInv}
    24 | D        | Found the +10 dark maul {crush}
    24 | D        | Found the +15 Maxwell's patent armour {-Cast -Tele rElec MR+ rCorr}
    24 | D        | Found the +18 shield of the Gong {rElec rN+ MR+ EV-5}
    24 | D        | Found the cursed +14 obsidian axe {chop, +Fly SInv *Curse}
    26 | D        | Found the +6 shillelagh "Devastator" {shatter}
    26 | D        | Found the +11 plutonium sword {*Contam Stlth-}
    26 | D        | Found the +8 lance "Wyrmbane" {slay drac, rPois rF+ rC+ AC+3}
    26 | D        | Found the +9 sword of Zonguldrok {reap}
    26 | D        | Found the cursed +13 scythe of Curses {drain, *Curse}
    26 | D        | Found the +0 sword of Power
    26 | D        | Found the +9 mace of Variability {chaos}
    26 | D        | Found the +7 Singing Sword
    26 | D        | Found the +7 longbow "Piercer" {penet, EV-2}
    47 | D        | Found a bloodstained altar of Trog.
    73 | D        | Became a worshipper of Qazlal Stormbringer
   101 | D        | Entered arena 2.
   101 | D        | Noticed a scorpion
   101 | D        | Noticed a scorpion
   101 | D        | Found a transporter.
   107 | D        | Killed a scorpion
   107 | D        | Reached XP level 2. HP: 16/20 MP: 1/5
   107 | D        | Reached XP level 3. HP: 20/25 MP: 1/6
   107 | D        | Reached XP level 4. HP: 24/30 MP: 1/7
   107 | D        | Reached skill level 5 in Slings
   107 | D        | Reached skill level 5 in Armour
   107 | D        | Reached skill level 5 in Shields
   107 | D        | Reached skill level 5 in Invocations
   107 | D        | Reached XP level 5. HP: 28/35 MP: 1/9
   370 | D        | Entered arena 3.
   370 | D        | Noticed a jumping spider
   370 | D        | Found a transporter.
   374 | D        | Reached * piety under Qazlal
   376 | D        | Reached XP level 6. HP: 35/41 MP: 9/11
   381 | D        | Killed a jumping spider
   381 | D        | Reached XP level 7. HP: 40/45 MP: 10/14
   385 | D        | Got the ring of Naagaa {Fire +Inv rN+ Slay+3 Stlth-}
   406 | D        | Entered arena 4.
   406 | D        | Found a transporter.
   408 | D        | Reached ** piety under Qazlal
   408 | D        | Paralysed by a floating eye for 3 turns
   412 | D        | Reached skill level 10 in Invocations
   423 | D        | Entered arena 5.
   423 | D        | Noticed a yaktaur
   423 | D        | Noticed a yaktaur
   423 | D        | Noticed a yaktaur
   423 | D        | Found a transporter.
   429 | D        | Killed a yaktaur
   429 | D        | Reached *** piety under Qazlal
   429 | D        | Reached skill level 10 in Slings
   429 | D        | Reached XP level 8. HP: 48/51 MP: 11/16
   433 | D        | Killed a yaktaur
   435 | D        | Killed a yaktaur
   435 | D        | Reached XP level 9. HP: 43/55 MP: 12/18
   498 | D        | Entered arena 6.
   498 | D        | Noticed a slime creature
   498 | D        | Found a transporter.
   499 | D        | Found the +2 ratskin cloak {+Rats rPois rN+ Str-1 Int-1 Dex+1}
   499 | D        | Found the +12 glaive of Prune {chop}
   502 | D        | Reached **** piety under Qazlal
   504 | D        | Reached skill level 10 in Armour
   504 | D        | Reached skill level 10 in Shields
   517 | D        | Killed a slime creature
   526 | D        | Reached ***** piety under Qazlal
   798 | D        | Entered arena 7.
   799 | D        | Found a transporter.
   817 | D        | Entered arena 8.
   817 | D        | Noticed a wind drake
   817 | D        | Noticed a wind drake
   818 | D        | Found a transporter.
   819 | D        | Killed a wind drake
   820 | D        | Reached ****** piety under Qazlal
   821 | D        | Killed a wind drake
  1116 | D        | Entered arena 9.
  1117 | D        | Reached XP level 10. HP: 61/61 MP: 20/20
  1119 | D        | Found a transporter.
  1355 | D        | Entered arena 10.
  1355 | D        | Noticed a trident of flaming
  1355 | D        | Noticed a deep elf mage
  1355 | D        | Noticed a deep elf archer
  1355 | D        | Noticed a deep elf mage
  1355 | D        | Noticed a deep elf archer
  1355 | D        | Noticed a deep elf mage
  1355 | D        | Noticed a deep elf mage
  1356 | D        | Found a transporter.
  1357 | D        | Noticed a soul eater
  1357 | D        | Killed a deep elf mage
  1357 | D        | Killed a deep elf mage
  1357 | D        | Reached skill level 15 in Invocations
  1357 | D        | Killed a deep elf mage
  1358 | D        | Killed a deep elf mage
  1358 | D        | Identified the +4 great mace "Utocirgh" {freeze, rC+ rN+++ Int+2 Dex-5}
  1360 | D        | Killed a deep elf archer
  1360 | D        | Killed a deep elf archer
  1360 | D        | Reached skill level 15 in Slings
  1360 | D        | Reached XP level 11. HP: 66/66 MP: 9/23
  1371 | D        | Killed a trident of flaming
  1601 | D        | Entered arena 11.
  1602 | D        | Found a transporter.
  1887 | D        | Got the ring "Vivyej" {rPois rF+ rN+ Int+3 SInv}
  2106 | D        | Entered arena 12.
  2106 | D        | Noticed a worldbinder
  2109 | D        | Killed a worldbinder
  2110 | D        | Found a transporter.
  2349 | D        | Entered arena 13.
  2350 | D        | Found the +6 lightning scales {run, rElec}
  2355 | D        | Found a transporter.
  2365 | D        | Got the ring of the Good {MR+ MP+9 Int+3 Dex+2 Stlth+}
  2381 | D        | Entered arena 14.
  2382 | D        | Noticed a merfolk javelineer
  2382 | D        | Noticed a merfolk aquamancer
  2382 | D        | Noticed a sea snake
  2382 | D        | Noticed a merfolk impaler
  2382 | D        | Noticed a merfolk avatar
  2385 | D        | Noticed a satyr
  2385 | D        | Noticed a merfolk impaler
  2387 | D        | Noticed a harpy
  2387 | D        | Killed a merfolk aquamancer
  2387 | D        | Reached XP level 12. HP: 72/72 MP: 22/25
  2387 | D        | Killed a merfolk javelineer
  2388 | D        | Killed a merfolk impaler
  2396 | D        | Killed a sea snake
  2397 | D        | Found a transporter.
  2407 | D        | Killed a merfolk impaler
  2408 | D        | Killed a merfolk avatar
  2412 | D        | Reached skill level 15 in Armour
  2412 | D        | Reached skill level 15 in Shields
  2414 | D        | Killed a satyr
  2484 | D        | Entered arena 15.
  2485 | D        | Noticed a purple draconian
  2485 | D        | Noticed a yellow draconian
  2485 | D        | Noticed a death cob
  2485 | D        | Noticed a yellow draconian
  2485 | D        | Noticed a red draconian monk
  2485 | D        | Noticed a red draconian
  2485 | D        | Noticed a black draconian
  2485 | D        | Noticed a red draconian
  2485 | D        | Noticed a red draconian
  2485 | D        | Noticed a white draconian
  2486 | D        | Noticed a white draconian
  2487 | D        | Killed a red draconian
  2487 | D        | Killed a purple draconian
  2487 | D        | Killed a black draconian
  2487 | D        | Reached XP level 13. HP: 70/76 MP: 21/27
  2487 | D        | Killed a yellow draconian
  2487 | D        | Killed a white draconian
  2487 | D        | Killed a red draconian
  2487 | D        | Killed a white draconian
  2487 | D        | Killed a yellow draconian
  2487 | D        | Killed a red draconian
  2487 | D        | Killed a red draconian monk
  2498 | D        | Killed a death cob
  2499 | D        | Found a transporter.
  2515 | D        | Entered arena 16.
  2518 | D        | Noticed an ancient lich
  2520 | D        | Noticed a ghoul
  2523 | D        | Killed an ancient lich
  2523 | D        | Reached XP level 14. HP: 77/81 MP: 21/29
  2523 | D        | Killed a ghoul
  2525 | D        | Found the +2 Maxwell's thermic engine {flame, freeze, rF- rC-}
  2593 | D        | Found a transporter.
  2605 | D        | Got the ring "Zomoitecs" {rPois rF+ Int+6 Slay-2}
  2609 | D        | Got the ring "Ynuregg" {MR+ Str+2}
  2644 | D        | Entered arena 17.
  2648 | D        | Noticed a frost giant
  2650 | D        | Killed a frost giant
  2652 | D        | Found a transporter.
  2661 | D        | Got the ring "Isusch" {rPois rF+ Str+3 Int-2}
  2675 | D        | Entered arena 18.
  2694 | D        | Noticed an iron giant
  2696 | D        | Killed an iron giant
  3146 | D        | Found a transporter.
  3153 | D        | Got the ring of the Townfolk {rC+ rN+ Dex+4}
  3179 | D        | Entered arena 19.
  3183 | D        | Reached skill level 1 in Dodging
  3183 | D        | Reached skill level 5 in Fighting
  3186 | D        | Found a transporter.
  3187 | D        | Reached XP level 15. HP: 94/94 MP: 31/31
  3199 | D        | Got the ring of Creativity {Str+3 Stlth+}
  3240 | D        | Entered arena 20.
  3263 | D        | Found the +3 sling "Punk" {acid, rCorr}
  3263 | D        | Reached skill level 5 in Dodging
  3263 | D        | Noticed a reaper
  3265 | D        | Noticed a greater mummy
  3267 | D        | Noticed an emperor scorpion
  3267 | D        | Noticed an emperor scorpion
  3268 | D        | Noticed an emperor scorpion
  3273 | D        | Noticed an emperor scorpion
  3273 | D        | Noticed an emperor scorpion
  3275 | D        | Killed a greater mummy
  3802 | D        | Found a transporter.
  3806 | D        | Got the ring "Wofoip" {Fire *Corrode Str+2 Stlth+}
  3811 | D        | Got the ring of Internal Strife {*Corrode rF++ Int+6 Dex+2}
  3822 | D        | Got the amulet of Xijupp {RegenMP rF+ Dex+8}
  3848 | D        | Entered arena 21.
  3892 | D        | Found a transporter.
  3907 | D        | Got the ring "Vaatecve" {rC+ Str+4 Int+4 Dex-4}
  3927 | D        | Got the cursed ring "Biucs" {*Slow AC-2 Int+7 Stlth+}
  3955 | D        | Entered arena 22.
  3961 | D        | Noticed a lich
  3961 | D        | Noticed a ghoul
  3962 | D        | Noticed a lich
  3964 | D        | Found the +7 Spriggan's Knife {MR+ EV+4 Dex+4 Stlth+}
  3964 | D        | Killed a lich
  3964 | D        | Killed a lich
  3964 | D        | Reached skill level 10 in Fighting
  3964 | D        | Killed a ghoul
  3964 | D        | Reached XP level 16. HP: 110/110 MP: 32/32
  3991 | D        | Found a transporter.
  3992 | D        | Got the ring "Dycwiublu" {Wiz rElec rN+ Str-4}
  4006 | D        | Got the ring of Neurosis {EV+6 Int-3 Dex+5 Slay+2}
  4022 | D        | Entered arena 23.
  4027 | D        | Noticed an azure jelly
  4028 | D        | Noticed an acid blob
  4028 | D        | Noticed an acid blob
  4029 | D        | Noticed an acid blob
  4029 | D        | Noticed an azure jelly
  4029 | D        | Noticed an acid blob
  4030 | D        | Killed an acid blob
  4030 | D        | Killed an acid blob
  4030 | D        | Killed an azure jelly
  4030 | D        | Killed an acid blob
  4030 | D        | Reached skill level 10 in Dodging
  4035 | D        | Killed an azure jelly
  4042 | D        | Found the +8 demon blade "Leech" {vamp, rN+ AC-3 EV-3}
  4045 | D        | Killed an acid blob
  4066 | D        | Found a transporter.
  4074 | D        | Got the amulet of Ricais {Spirit rElec rC+ rN+}
  4076 | D        | Got the ring of Olisatoe {Str+2 Dex+8 SInv}
  4196 | D        | Entered arena 24.
  4201 | D        | Noticed a deep elf sorcerer
  4201 | D        | Noticed a deep elf sorcerer
  4202 | D        | Noticed a deep elf master archer
  4202 | D        | Noticed a deep elf sorcerer
  4202 | D        | Noticed a deep elf sorcerer
  4202 | D        | Noticed a deep elf blademaster
  4203 | D        | Noticed a deep elf sorcerer
  4203 | D        | Noticed a deep elf master archer
  4204 | D        | Noticed a deep elf blademaster
  4204 | D        | Noticed a deep elf sorcerer
  4204 | D        | Killed a deep elf sorcerer
  4204 | D        | Killed a deep elf master archer
  4204 | D        | Killed a deep elf sorcerer
  4204 | D        | Reached XP level 17. HP: 98/123 MP: 34/34
  4204 | D        | Reached skill level 27 in Invocations
  4204 | D        | Killed a deep elf blademaster
  4204 | D        | Killed a deep elf blademaster
  4204 | D        | Killed a deep elf master archer
  4204 | D        | Reached skill level 15 in Fighting
  4628 | D        | Found a transporter.
  4676 | D        | Got the amulet "Qexuton" {Inacc rElec rPois Int+2 Dex-2}
  4678 | D        | Entered arena 25.
  4685 | D        | Noticed an acid blob
  4685 | D        | Paralysed by a floating eye for 2 turns
  4686 | D        | Noticed an acid blob
  4686 | D        | Noticed an acid blob
  4687 | D        | Killed an acid blob
  4687 | D        | Killed an acid blob
  4687 | D        | Killed an acid blob
  4688 | D        | Noticed an acid blob
  4689 | D        | Reached XP level 18. HP: 137/137 MP: 32/35
  4691 | D        | Killed an acid blob
  4903 | D        | Found the +3 warlock's mirror {reflect}
  4904 | D        | Found a transporter.
  4911 | D        | Found the +4 dagger "Morg" {pain, MR+ Int+5}
  4916 | D        | Got the ring "Cyagg" {rCorr *Drain *Slow MR+++ MP+9}
  4962 | D        | Entered arena 26.
  4970 | D        | Noticed a Hell Sentinel
  4972 | D        | Noticed a Hell Sentinel
  4972 | D        | Reached skill level 27 in Slings
  4972 | D        | Reached skill level 15 in Dodging
  4972 | D        | Killed a Hell Sentinel
  4973 | D        | Killed from afar by a Hell Sentinel

Skill      XL: |  1  2  3  4  5  6  7  8  9 10 11 12 13 14 15 16 17 18 |
---------------+-------------------------------------------------------+-----
Slings         | 4 5 7 9 10 11 13 15 17 19 21 22 23 25 26 27 | 27.0
Armour         | 4 5 6 7 9 11 12 14 15 17 19 20 22 24 26 | 26.0
Shields        | 4 5 6 7 9 11 12 14 15 17 19 20 22 24 26 | 26.1
Invocations    | 4 5 7 9 11 12 14 16 18 20 22 24 25 26 27 | 27.0
Fighting       | 6 10 13 16 18 | 18.5
Dodging        | 4 8 11 14 15 | 15.7
Maces & Flails | |  1.7

Action                   |  1- 3 |  4- 6 |  7- 9 | 10-12 | 13-15 | 16-18 || total
-------------------------+-------+-------+-------+-------+-------+-------++-------
Melee: Shillelagh        |     5 |     7 |    33 |     2 |       |       ||    47
 Fire: Fustibalus        |       |       |       |    36 |    46 |    36 ||   118
Invok: Disaster Area     |       |       |     2 |     7 |     9 |     7 ||    25
       Upheaval          |       |       |       |     5 |     7 |     6 ||    18
Evoke: Fan of gales      |       |       |       |     1 |       |       ||     1
  Use: Potion            |       |       |     2 |     3 |     2 |       ||     7
       Scroll            |       |       |       |       |     9 |       ||     9
  Eat: Ration            |       |       |       |     3 |       |       ||     3
       Chunk             |       |       |       |     1 |       |       ||     1
Armor: Plate armour      |     3 |     4 |    23 |    15 |     4 |    10 ||    59
Dodge: Dodged            |       |     1 |     1 |     5 |     4 |     7 ||    18
       Deflected         |       |       |       |     1 |       |       ||     1
Block: Shield            |     5 |    13 |    40 |    98 |    47 |    41 ||   244
